 Dungeon Crawl Stone Soup version 0.30-a0-722-g3e6e8c874d (webtiles) character file.

Game seed: 8039643015763394205

239 Dittersdorf the Covered (level 6, -1/39 HPs)
             Began as a Gargoyle Fighter on Jan 27, 2023.
             Killed from afar by Sigmund (6 damage)
             ... with a puff of flame
             ... on level 4 of the Dungeon.
             The game lasted 00:03:11 (2623 turns).

Dittersdorf the Covered (Gargoyle Fighter)          Turns: 2623, Time: 00:03:12

Health: -1/39      AC: 14    Str: 21    XL:     6   Next: 7%
Magic:  6/6        EV:  7    Int:  9    God:
Gold:   206        SH:  5    Dex: 15    Spells: 5/5 levels left

rFire   . . .      SeeInvis +    a - +0 flail
rCold   . . .      Faith    .    c - +0 buckler
rNeg    + . .      Spirit   .    m - +0 chain mail
rPois   ∞          Reflect  .    (no helmet)
rElec   +          Harm     .    (no cloak)
rCorr   .          Rampage  .    (no gloves)
Will    .....                    (no boots) Stlth
                                 (no amulet)
HPRegen 0.26/turn                p - ring of see invisible
MPRegen 0.10/turn                s - +6 ring of dexterity

@: no status effects
A: sickness immunity, AC +4, negative energy resistance 1, electricity
resistance, torment resistance 1, petrification resistance
a: no special abilities


You were on level 4 of the Dungeon.
You visited 1 branch of the dungeon, and saw 4 of its levels.

You collected 206 gold pieces.

Inventory:

Hand Weapons
 a - a +0 flail (weapon)
Missiles
 k - 4 poisoned darts (quivered)
Armour
 c - a +0 buckler (worn)
 m - a +0 chain mail (worn)
Jewellery
 p - a ring of see invisible (left hand)
 s - a +6 ring of dexterity (right hand)
Scrolls
 e - a scroll of summoning {unknown}
 f - 3 scrolls of teleportation {unknown}
 g - 2 scrolls of fear {unknown}
 h - 2 scrolls of enchant weapon {unknown}
 i - 2 scrolls of fog {unknown}
 l - 4 scrolls of identify {unknown}
 r - a scroll of enchant armour {unknown}
 u - a scroll of noise {unknown}
Potions
 b - a potion of lignification {unknown}
 d - 2 potions of might
 j - 3 potions of haste {unknown}
 n - a potion of flight {unknown}
 o - 3 potions of curing {unknown}
 q - a potion of invisibility {unknown}
 t - a potion of resistance {unknown}
 v - a potion of berserk rage {unknown}


   Skills:
 + Level 4.5 Fighting
 + Level 3.4 Maces & Flails
 + Level 4.6 Armour
 + Level 4.5 Shields


You had 5 spell levels left.
You didn't know any spells.
Your spell library contained the following spells:

 Spells                   Type           Power      Damage    Failure   Level
 Magic Dart               Conj           0%         1d3       99%         1
 Slow                     Hex            0%         N/A       99%         1
 Call Imp                 Summ           0%         N/A       100%        2
 Scorch                   Fire           0%         2d5       100%        2
 Confusing Touch          Hex            0%         N/A       100%        3
 Hailstorm                Conj/Ice       0%         3d3       100%        3
 Mephitic Cloud           Conj/Pois/Air  0%         N/A       100%        3
 Vampiric Draining        Necr           0%         2d6       100%        3
 Dispel Undead            Necr           0%         3d6       100%        4
 Flame Wave               Conj/Fire      0%         2d4       100%        4
 Ice Form                 Ice/Tmut       0%         N/A       100%        4
 Death Channel            Necr           0%         N/A       100%        6
 Simulacrum               Ice/Necr       0%         N/A       100%        6
 Summon Cactus Giant      Summ           0%         N/A       100%        6
 Cigotuvi's Dreadful Rot  Necr/Pois/Air  Unusable   N/A       N/A         2

Dungeon Overview and Level Annotations

Branches:
Dungeon (4/15)
 Temple: D:4-7

Altars:
Cheibriados
Gozag
Kikubaaqudgha
Makhleb
Sif Muna
Vehumet
Zin

Shops:
D:2 (*

Annotations:
D:4 Sigmund


Innate Abilities, Weirdness & Mutations

You are immune to sickness and miasma.
Your stone body is resilient. (AC +4)
You are immune to poison.
You resist negative energy. (rN+)
You are resistant to electric shocks. (rElec)
You are resistant to unholy torment.
You are immune to petrification.


Message History

You see here a hobgoblin corpse.
Found 5 gold pieces.
The quokka barely misses you. Sigmund barely misses you. The quokka bites you.
You hit the quokka but do no damage. You block the quokka's attack.
Sigmund points at you and mumbles some strange words.
You are confused.
You are too confused!
You are too confused!
You are too confused!
You hit the quokka.
The quokka is heavily wounded.
The quokka barely misses you.
Sigmund zaps a wand.
The bolt of light hits you!
You are more confused.
The quokka bites you but does no damage.
Sigmund hits you but does no damage.
The quokka bites you but does no damage.
You're too confused to move!
The quokka bites you.
Found a sedimented dark potion.
Sigmund barely misses you.
The quokka bites you but does no damage.
The quokka barely misses you.
Sigmund hits you from afar with a +0 scythe.
The quokka bites you.
You closely miss the quokka.
The quokka is heavily wounded.
You feel less confused.
Sigmund zaps a wand.
The bolt of light hits the quokka.
The quokka dies!
The bolt of light hits you.
Sigmund zaps a wand.
The bolt of light hits you.
You are confused.
* * * LOW HITPOINT WARNING * * *
Sigmund casts a spell at you.
The magic dart hits you but does no damage.
You feel less confused.
Sigmund says, "You will soon forget everything."
Sigmund gestures at you while chanting. The puff of flame hits you!
* * * LOW HITPOINT WARNING * * *
Sigmund casts a spell at you. The puff of flame hits you.
You die...

## ##......# .##
##........ ..##
#......... ...#
#.......... .[.#
#.......... ...###
# #..........
......
....####..........
...###
#....@.......$.#
...#
######..........
†..# #".......!.
..## #.†........
..# #..@.......
..# ##..........
..# ###†.........#
..##
####...##......##
...##
###.†..###########


You could see Sigmund.

Vanquished Creatures
  Blork the orc (D:3)
  A scorpion (D:4)
  Terence (D:2)
  An iguana (D:4)
  A dart slug (D:3)
  2 orcs
  4 endoplasms
  A giant cockroach (D:1)
  4 goblins (D:1)
  6 hobgoblins
  3 quokkas
  7 ball pythons
  10 bats
  5 frilled lizards
  6 kobolds
  7 rats
60 creatures vanquished.

Vanquished Creatures (others)
  A quokka (D:4)
  A fungus (D:1)
2 creatures vanquished.

Grand Total: 62 creatures vanquished

Notes
Turn   | Place    | Note
-------+----------+-------------------------------------------
     0 | D:1      | Dittersdorf the Gargoyle Fighter began the quest for the
                  | Orb.
     0 | D:1      | Reached XP level 1. HP: 14/14 MP: 1/1
   131 | D:1      | Found a faded altar of an unknown god.
   186 | D:1      | Reached XP level 2. HP: 19/19 MP: 2/2
   552 | D:1      | Reached XP level 3. HP: 23/23 MP: 3/3
   796 | D:2      | Noticed Terence
   811 | D:2      | Killed Terence
   949 | D:2      | Found Vamoum's Weapon Shop.
  1166 | D:2      | Reached XP level 4. HP: 29/29 MP: 4/4
  1376 | D:2      | Found Isot's General Store.
  1649 | D:3      | Found a radiant altar of Vehumet.
  1649 | D:3      | Found a shimmering blue altar of Sif Muna.
  1996 | D:3      | Found an opulent altar of Gozag.
  2003 | D:3      | Found a snail-covered altar of Cheibriados.
  2006 | D:3      | Found a glowing silver altar of Zin.
  2006 | D:3      | Found an ancient bone altar of Kikubaaqudgha.
  2015 | D:3      | Found a burning altar of Makhleb.
  2340 | D:4      | Noticed Blork the orc
  2372 | D:3      | Killed Blork the orc
  2373 | D:3      | Reached XP level 5. HP: 23/33 MP: 5/5
  2505 | D:4      | Reached XP level 6. HP: 34/39 MP: 6/6
  2608 | D:4      | Noticed Sigmund
  2623 | D:4      | Killed from afar by Sigmund

Illustrated notes

Levels and vault maps discovered:
D:1:      spicycebolla_arrival_risky_transporter, layout_loops_ring,
          shapermc_ecumenical_altar_mp_ritualfount,
          chequers_serial_rivers_micro_a
D:2:      layout_rooms, serial_shops, shop, shop_statue, uniq_terence
D:3:      layout_basic, nicolae_overflow_hallway_of_the_gods,
          gammafunk_temple_overflow_pools, serial_glass, glass_columns_a,
          glass_columns_b, nicolae_underground_beach
D:4:      layout_rooms, nicolae_overflow_crystal_walls, uniq_menkaure,
          uniq_sigmund, uniq_blork_the_orc

Skill      XL: |  1  2  3  4 |
---------------+-------------+-----
Armour         | 4 |  4.6
Fighting       | 4 |  4.5
Maces & Flails | 3 |  3.4
Shields        | 4 |  4.5

Action                     |  1- 3 |  4- 6 || total
---------------------------+-------+-------++-------
  Melee: Flail             |   113 |   117 ||   230
  Throw: Dart              |       |     4 ||     4
 Armour: Scale mail        |    43 |       ||    43
         Chain mail        |    43 |    86 ||   129
  Dodge: Dodged            |    73 |    41 ||   114
  Block: Buckler           |    31 |    31 ||    62

Table legend: (Time is in decaauts)
 A = Elapsed time spent in this place.
 B = Non-inter-level travel time spent in this place.
 C = Inter-level travel time spent in this place.
 D = Time resting spent in this place.
 E = Time spent auto-exploring this place.
 F = Levels seen in this place.
 G = Mean time per level.
                   A        B        C        D        E       F      G
               +--------+--------+--------+--------+--------+-----+--------+
         Total |   2694 |   2502 |    192 |     78 |   1874 |   4 |  673.5 |
       Dungeon |   2694 |   2502 |    192 |     78 |   1874 |   4 |  673.5 |
               +--------+--------+--------+--------+--------+-----+--------+

Top non-repeatable levels by time:
     D:3: 968 daAuts
     D:1: 869 daAuts
     D:2: 635 daAuts
     D:4: 220 daAuts
